 Dungeon Crawl Stone Soup version 0.21-a0-401-g0b6bec4 (webtiles) character file.

4010 tidbits the Magician (level 10, -1/77 HPs)
             Began as a Gnoll Skald on Oct 22, 2017.
             Was a Follower of Cheibriados.
             Slain by a two-headed ogre
             ... wielding a +0 giant spiked club
              (15 damage)
             ... on level 8 of the Dungeon.
             The game lasted 00:28:34 (2516 turns).

tidbits the Magician (Gnoll Skald)                  Turns: 2516, Time: 00:28:35

Health: -1/77      AC:  8    Str: 21    XL:     10   Next: 23%
Magic:  29/29      EV: 15    Int: 21    God:    Cheibriados [*.....]
Gold:   320        SH:  0    Dex: 17    Spells: 12/23 levels left

rFire    . . .     SeeInvis .   I - +0 hand axe (chop)
rCold    . . .     Gourm    .   (no shield)
rNeg     . . .     Faith    .   B - +0 ring mail
rPois    .         Spirit   .   (helmet restricted)
rElec    .         Reflect  .   (no cloak)
rCorr    .         Harm     .   G - +0 pair of gloves
MR       .....                  (no boots)
Stlth    ++........             (no amulet)
HPRegen  0.22/turn              O - -2 ring of intelligence (curse)
MPRegen  0.21/turn              P - ring of magical power

@: mighty, very slow
A: distributed training, fangs 1, horns 1, shaggy fur 1, strong nose
a: Bend Time, Renounce Religion


You were on level 8 of the Dungeon.
You worshipped Cheibriados.
Cheibriados was aware of your devotion.
You were not hungry.

You visited 2 branches of the dungeon, and saw 9 of its levels.

You collected 320 gold pieces.

Inventory:

Hand Weapons
 a - a +0 hand axe
 g - a +2 dagger of venom
   (You found it on level 1 of the Dungeon)
 w - a +0 blowgun
 C - a +0 shortbow
 I - a +0 hand axe of chopping (weapon)
   (You took it off an orc on level 6 of the Dungeon)
 L - a +0 war axe
 N - a +0 scythe
 S - a +0 arbalest
Missiles
 e - 29 sling bullets
 j - 84 arrows
 m - 27 bolts
 s - 7 needles of confusion
 u - 2 curare-tipped needles
 v - 33 stones
 A - 12 tomahawks (quivered)
Armour
 b - a +0 leather armour
 B - a +0 ring mail (worn)
 G - a +0 pair of gloves (worn)
Jewellery
 O - a cursed -2 ring of intelligence (left hand)
   (You took it off a centaur on level 6 of the Dungeon)
 P - a ring of magical power (right hand)
   (You found it on level 6 of the Dungeon)
Wands
 J - a wand of lightning (0/15)
Scrolls
 f - 3 scrolls of teleportation
 h - 2 scrolls of identify {unknown}
 i - 2 scrolls of enchant armour {unknown}
 q - 2 scrolls of remove curse {unknown}
 r - 2 scrolls of amnesia {unknown}
 z - a scroll of random uselessness {unknown}
 E - a scroll of immolation {unknown}
 K - a scroll of vulnerability {unknown}
 M - a scroll of magic mapping {unknown}
 R - a scroll of recharging {unknown}
Potions
 k - 2 potions of curing
 l - a potion of agility
 n - 2 potions of haste
 o - a potion of might
 p - 2 potions of flight
 x - a potion of degeneration {unknown}
 D - a potion of invisibility {unknown}
 F - a potion of lignification {unknown}
 H - a potion of brilliance
Books
 c - a book of Battle

   Spells                             Type                      Level
   a - Infusion                       Charms                       1
   b - Shroud of Golubria             Charms/Translocation         2
   c - Song of Slaying                Charms                       2
   d - Spectral Weapon                Hexes/Charms                 3
   e - Regeneration                   Charms/Necromancy            3
 y - a book of Callings
   (You found it on level 3 of the Dungeon)

   Spells                             Type                      Level
   a - Summon Small Mammal            Summoning                    1
   b - Call Imp                       Summoning                    2
   c - Call Canine Familiar           Summoning                    3
   d - Summon Guardian Golem          Hexes/Summoning              3
   e - Summon Lightning Spire         Summoning/Air                4
   f - Summon Ice Beast               Ice/Summoning                4
 Q - a book of Air
   (You found it on level 8 of the Dungeon)

   Spells                             Type                      Level
   a - Shock                          Conjuration/Air              1
   b - Swiftness                      Charms/Air                   2
   c - Static Discharge               Conjuration/Air              3
   d - Airstrike                      Air                          4
   e - Lightning Bolt                 Conjuration/Air              5
Comestibles
 d - 5 bread rations
 t - 7 meat rations


   Skills:
 + Level 6.8 Fighting
 + Level 5.0 Short Blades
 + Level 5.0 Long Blades
 + Level 6.8 Axes
 + Level 5.0 Maces & Flails
 + Level 5.0 Polearms
 + Level 5.0 Staves
 + Level 5.0 Slings
 + Level 5.0 Bows
 + Level 5.0 Crossbows
 + Level 5.0 Throwing
 + Level 5.7 Armour
 + Level 6.8 Dodging
 + Level 5.0 Stealth
 + Level 5.0 Shields
 + Level 5.0 Unarmed Combat
 + Level 7.1 Spellcasting
 + Level 4.1 Conjurations
 + Level 4.1 Hexes
 + Level 6.9 Charms
 + Level 4.1 Summonings
 + Level 4.1 Necromancy
 + Level 4.1 Translocations
 + Level 4.1 Transmutations
 + Level 4.1 Fire Magic
 + Level 4.1 Ice Magic
 + Level 4.1 Air Magic
 + Level 4.1 Earth Magic
 + Level 4.1 Poison Magic
 + Level 5.5 Invocations
 + Level 5.0 Evocations


You had 12 spell levels left.
You knew the following spells:

 Your Spells              Type           Power        Failure   Level  Hunger
g - Shroud of Golubria    Chrm/Tloc      ####......   1%          2    None
i - Infusion              Chrm           ####         1%          1    None
r - Regeneration          Chrm/Necr      ####......   4%          3    None
w - Spectral Weapon       Hex/Chrm       ####....     4%          3    None
y - Song of Slaying       Chrm           #####...     1%          2    None


Dungeon Overview and Level Annotations

Branches:
Dungeon (8/15)             Temple (1/1) D:7
   Lair: D:8-11

Altars:
Ashenzari
Cheibriados
Dithmenos
Elyvilon
Fedhas
Gozag
Hepliaklqana
Kikubaaqudgha
Nemelex Xobeh
Okawaru
Qazlal
Sif Muna
Trog
Uskayaw
Vehumet
Xom
Yredelemnul
The Shining One

Shops:
D:5 %


Innate Abilities, Weirdness & Mutations

Your experience applies equally to all skills.
You have very sharp teeth.
Your uncanny sense of smell can sniff out nearby items.
You have a pair of small horns on your head.
You are covered in fur. (AC +1)


Message History

You barely miss the scorpion.
Your spectral weapon hits the big kobold.
The scorpion completely misses you.
The bullfrog releases a deep croak.
The big kobold hits your spectral weapon.
Your spectral weapon shares its damage with you!
You slash the big kobold!
You kill the big kobold!
Cheibriados thoroughly appreciates the change of pace.
Your Short Blades skill increases to level 5!
Your Long Blades skill increases to level 5!
Your Maces & Flails skill increases to level 5!
Your Polearms skill increases to level 5!
Your Staves skill increases to level 5!
Your Slings skill increases to level 5!
Your Bows skill increases to level 5!
Your Crossbows skill increases to level 5!
Your Throwing skill increases to level 5!
Your Stealth skill increases to level 5!
Your Shields skill increases to level 5!
Your Unarmed Combat skill increases to level 5!
Your Evocations skill increases to level 5!
You hit the scorpion but do no damage. The scorpion completely misses you.
Unknown command.
You closely miss the scorpion.
You bite the scorpion, but do no damage.
Your spectral weapon barely misses the scorpion.
The scorpion stings you but does no damage.
The bullfrog misses you.
You slash the scorpion!
The scorpion is heavily wounded.
You barely miss the bullfrog.
Your spectral weapon barely misses the scorpion.
The scorpion stings you.
The bullfrog hits you but does no damage.
You hit the scorpion. You headbutt the scorpion.
The scorpion is almost dead.
You hit the bullfrog.
Your spectral weapon hits the scorpion but does no damage.
The bullfrog closely misses you. The scorpion misses you.
The bullfrog hits you but does no damage.
You hit the scorpion but do no damage. Your headbutt misses the scorpion.
The scorpion is almost dead.
You hit the bullfrog.
Your spectral weapon misses the scorpion.
The scorpion closely misses you. The bullfrog misses you.
You hit the scorpion.
You kill the scorpion!
Cheibriados appreciates the change of pace.
Cheibriados raises the support of your attributes as your movement slows.
You hit the bullfrog. The bullfrog misses you. The bullfrog closely misses you.
You slash the bullfrog!
You kill the bullfrog!
Cheibriados thoroughly appreciates the change of pace.
Things that are here:
a dagger; 3 stones; a kobold corpse You see here a scroll of teleportation.
f - 3 scrolls of teleportation (gained 1)
Your spectral weapon fades away.
There is an escape hatch in the ceiling here.
Your song is almost over.
Found a flail and a scale mail.
You hear two shouts!
You hear two shouts!
A two-headed ogre comes into view.
It is wielding a giant spiked club and a giant club.
You see here a flail.
The two-headed ogre closely misses you.
The two-headed ogre hits you with a giant club!!
Evoke which item? (* to show all) (? for menu, Esc to quit)
Okay, then.
Your song has ended.
You see here a flail.
The two-headed ogre misses you.
The two-headed ogre hits you with a giant club!
Okay, then.
The two-headed ogre misses you.
The two-headed ogre hits you but does no damage.
There is an escape hatch in the ceiling here.
The two-headed ogre barely misses you. The two-headed ogre closely misses you.
You see here a kobold corpse.
The two-headed ogre hits you with a giant spiked club!
* * * LOW HITPOINT WARNING * * *
The two-headed ogre barely misses you.
There is a stone staircase leading up, spattered with blood here.
Okay, then.
You feel very mighty all of a sudden.
You slash the two-headed ogre!
Your headbutt misses the two-headed ogre.
The two-headed ogre is lightly wounded.
The two-headed ogre hits you with a giant spiked club!
* * * LOW HITPOINT WARNING * * *
The two-headed ogre completely misses you.
You slash the two-headed ogre! You bite the two-headed ogre!
The two-headed ogre is heavily wounded.
The two-headed ogre closely misses you.
The two-headed ogre hits you with a giant club!
* * * LOW HITPOINT WARNING * * *
You slash the two-headed ogre! You headbutt the two-headed ogre!
The two-headed ogre is almost dead.
The two-headed ogre hits you with a giant spiked club!
You die...

∆ #.##. ### #.##. [.#
####.##. #.# ..#.##.
#.# #.#.##.###.###.#
#.#.##..)......#
#%####....#####.#####
.......).....<..#
#.####†@O.#######
.......†...#
######.###.# #. .# #.
.# .. .# ## .#


You could see a two-headed ogre.

Vanquished Creatures
  The ghost of OgreWrestling the Grappler, a novice OgTm of Cheibriados (D:7)
  Pikel (D:6)
  Prince Ribbit (D:6)
  Sigmund (D:6)
  An ice beast (D:7)
  2 slaves (D:6)
  2 phantoms
  4 centaurs
  3 ogres
  A big kobold (D:8)
  A bullfrog (D:8)
  2 scorpions
  A water moccasin skeleton (D:8)
  8 wights
  A howler monkey (D:5)
  2 crimson imps (D:5)
  4 jellies
  6 orc priests
  4 hounds
  7 orc wizards
  3 iguanas (D:6)
  4 worker ants
  A hound skeleton (D:7)
  A howler monkey skeleton (D:4)
  13 adders
  A shadow imp (D:8)
  An adder skeleton (D:6)
  2 adder zombies
  3 worms
  A dart slug (D:3)
  4 leopard geckos
  33 orcs
  5 giant cockroaches
  3 hobgoblins
  5 jackals (D:6)
  7 kobolds
  3 quokkas (D:5)
  A ball python (D:3)
  A ball python zombie (D:3)
  4 bats (D:3)
  5 frilled lizards
  2 goblins (D:1)
  A quokka skeleton (D:5)
  3 rats (D:1)
160 creatures vanquished.

Vanquished Creatures (others)
  A bullfrog zombie (D:6)
  A jackal skeleton (D:6)
  A spectral weapon (D:5)
3 creatures vanquished.

Grand Total: 163 creatures vanquished

Notes
Turn   | Place    | Note
-------+----------+-------------------------------------------
     0 | D:1      | tidbits the Gnoll Skald began the quest for the Orb.
     0 | D:1      | Reached XP level 1. HP: 20/20 MP: 6/6
   116 | D:1      | Reached XP level 2. HP: 19/26 MP: 0/7
   120 | D:1      | Learned a level 2 spell: Song of Slaying
   123 | D:1      | Learned a level 2 spell: Shroud of Golubria
   131 | D:2      | Found a hide-covered altar of Uskayaw.
   284 | D:3      | Found an ancient bone altar of Kikubaaqudgha.
   392 | D:2      | Reached skill level 5 in Spellcasting
   392 | D:2      | Reached XP level 3. HP: 12/31 MP: 1/9
   397 | D:2      | Learned a level 3 spell: Regeneration
   401 | D:2      | Learned a level 3 spell: Spectral Weapon
   503 | D:3      | Reached skill level 1 in Invocations
   511 | D:3      | Found a bloodstained altar of Trog.
   528 | D:3      | Gained mutation: You have a pair of small horns on your head. [potion of mutation]
   528 | D:3      | Gained mutation: You are covered in fur. (AC +1) [potion of mutation]
   534 | D:3      | Reached skill level 1 in Short Blades
   534 | D:3      | Reached skill level 1 in Long Blades
   534 | D:3      | Reached skill level 1 in Maces & Flails
   534 | D:3      | Reached skill level 1 in Polearms
   534 | D:3      | Reached skill level 1 in Staves
   534 | D:3      | Reached skill level 1 in Slings
   534 | D:3      | Reached skill level 1 in Bows
   534 | D:3      | Reached skill level 1 in Crossbows
   534 | D:3      | Reached skill level 1 in Throwing
   534 | D:3      | Reached skill level 1 in Stealth
   534 | D:3      | Reached skill level 1 in Shields
   534 | D:3      | Reached skill level 1 in Unarmed Combat
   534 | D:3      | Reached skill level 1 in Evocations
   534 | D:3      | Reached XP level 4. HP: 6/38 MP: 0/11
   639 | D:3      | Reached skill level 1 in Conjurations
   639 | D:3      | Reached skill level 1 in Hexes
   639 | D:3      | Reached skill level 1 in Summonings
   639 | D:3      | Reached skill level 1 in Necromancy
   639 | D:3      | Reached skill level 1 in Translocations
   639 | D:3      | Reached skill level 1 in Transmutations
   639 | D:3      | Reached skill level 1 in Fire Magic
   639 | D:3      | Reached skill level 1 in Ice Magic
   639 | D:3      | Reached skill level 1 in Air Magic
   639 | D:3      | Reached skill level 1 in Earth Magic
   639 | D:3      | Reached skill level 1 in Poison Magic
   752 | D:5      | Entered Level 5 of the Dungeon
   789 | D:4      | Reached XP level 5. HP: 43/43 MP: 5/12
   984 | D:4      | Reached skill level 3 in Armour
  1002 | D:5      | Noticed a centaur
  1011 | D:5      | Killed a centaur
  1011 | D:5      | Reached skill level 2 in Invocations
  1011 | D:5      | Reached XP level 6. HP: 21/50 MP: 7/13
  1103 | D:5      | Reached skill level 5 in Fighting
  1103 | D:5      | Reached skill level 5 in Axes
  1103 | D:5      | Reached skill level 5 in Dodging
  1113 | D:5      | Reached skill level 2 in Short Blades
  1113 | D:5      | Reached skill level 2 in Long Blades
  1113 | D:5      | Reached skill level 2 in Maces & Flails
  1113 | D:5      | Reached skill level 2 in Polearms
  1113 | D:5      | Reached skill level 2 in Staves
  1113 | D:5      | Reached skill level 2 in Slings
  1113 | D:5      | Reached skill level 2 in Bows
  1113 | D:5      | Reached skill level 2 in Crossbows
  1113 | D:5      | Reached skill level 2 in Throwing
  1113 | D:5      | Reached skill level 2 in Stealth
  1113 | D:5      | Reached skill level 2 in Shields
  1113 | D:5      | Reached skill level 2 in Unarmed Combat
  1113 | D:5      | Reached skill level 2 in Evocations
  1185 | D:4      | Reached XP level 7. HP: 26/56 MP: 7/15
  1356 | D:5      | Reached skill level 2 in Conjurations
  1356 | D:5      | Reached skill level 2 in Hexes
  1356 | D:5      | Reached skill level 2 in Summonings
  1356 | D:5      | Reached skill level 2 in Necromancy
  1356 | D:5      | Reached skill level 2 in Translocations
  1356 | D:5      | Reached skill level 2 in Transmutations
  1356 | D:5      | Reached skill level 2 in Fire Magic
  1356 | D:5      | Reached skill level 2 in Ice Magic
  1356 | D:5      | Reached skill level 2 in Air Magic
  1356 | D:5      | Reached skill level 2 in Earth Magic
  1356 | D:5      | Reached skill level 2 in Poison Magic
  1377 | D:5      | Found a radiant altar of Vehumet.
  1378 | D:5      | Reached skill level 3 in Invocations
  1386 | D:5      | Found Leyny's Food Boutique.
  1475 | D:5      | Reached skill level 6 in Charms
  1475 | D:5      | Reached XP level 8. HP: 61/63 MP: 8/16
  1479 | D:5      | Reached skill level 3 in Short Blades
  1479 | D:5      | Reached skill level 3 in Long Blades
  1479 | D:5      | Reached skill level 3 in Maces & Flails
  1479 | D:5      | Reached skill level 3 in Polearms
  1479 | D:5      | Reached skill level 3 in Staves
  1479 | D:5      | Reached skill level 3 in Slings
  1479 | D:5      | Reached skill level 3 in Bows
  1479 | D:5      | Reached skill level 3 in Crossbows
  1479 | D:5      | Reached skill level 3 in Throwing
  1479 | D:5      | Reached skill level 4 in Armour
  1479 | D:5      | Reached skill level 3 in Stealth
  1479 | D:5      | Reached skill level 3 in Shields
  1479 | D:5      | Reached skill level 3 in Unarmed Combat
  1479 | D:5      | Reached skill level 3 in Evocations
  1542 | D:6      | Reached skill level 6 in Spellcasting
  1552 | D:6      | Found a basalt altar of Yredelemnul.
  1579 | D:6      | Noticed Pikel
  1590 | D:6      | Killed Pikel
  1590 | D:6      | Reached skill level 6 in Fighting
  1590 | D:6      | Reached skill level 6 in Axes
  1590 | D:6      | Reached skill level 6 in Dodging
  1590 | D:6      | Reached skill level 3 in Conjurations
  1590 | D:6      | Reached skill level 3 in Hexes
  1590 | D:6      | Reached skill level 3 in Summonings
  1590 | D:6      | Reached skill level 3 in Necromancy
  1590 | D:6      | Reached skill level 3 in Translocations
  1590 | D:6      | Reached skill level 3 in Transmutations
  1590 | D:6      | Reached skill level 3 in Fire Magic
  1590 | D:6      | Reached skill level 3 in Ice Magic
  1590 | D:6      | Reached skill level 3 in Air Magic
  1590 | D:6      | Reached skill level 3 in Earth Magic
  1590 | D:6      | Reached skill level 3 in Poison Magic
  1590 | D:6      | Reached skill level 4 in Invocations
  1590 | D:6      | Reached XP level 9. HP: 27/69 MP: 7/18
  1840 | D:6      | Noticed Prince Ribbit
  1847 | D:6      | Reached skill level 4 in Short Blades
  1847 | D:6      | Reached skill level 4 in Long Blades
  1847 | D:6      | Reached skill level 4 in Maces & Flails
  1847 | D:6      | Reached skill level 4 in Polearms
  1847 | D:6      | Reached skill level 4 in Staves
  1847 | D:6      | Reached skill level 4 in Slings
  1847 | D:6      | Reached skill level 4 in Bows
  1847 | D:6      | Reached skill level 4 in Crossbows
  1847 | D:6      | Reached skill level 4 in Throwing
  1847 | D:6      | Reached skill level 4 in Stealth
  1847 | D:6      | Reached skill level 4 in Shields
  1847 | D:6      | Reached skill level 4 in Unarmed Combat
  1847 | D:6      | Reached skill level 4 in Evocations
  1921 | D:6      | Killed Prince Ribbit
  1921 | D:6      | Reached skill level 5 in Armour
  1930 | D:6      | Noticed Sigmund
  1945 | D:6      | Killed Sigmund
  1996 | D:6      | Found a glowing golden altar of the Shining One.
  2194 | D:7      | Found a staircase to the Ecumenical Temple.
  2204 | Temple   | Entered the Ecumenical Temple
  2209 | Temple   | Became a worshipper of Cheibriados the Contemplative
  2262 | D:8      | Reached skill level 5 in Invocations
  2316 | D:7      | Reached * piety under Cheibriados
  2336 | D:7      | Noticed OgreWrestling's ghost (novice OgTm)
  2353 | D:7      | HP: 2/71 [OgreWrestling's ghost (12)]
  2369 | D:7      | Killed OgreWrestling's ghost
  2369 | D:7      | Reached skill level 7 in Spellcasting
  2369 | D:7      | Reached skill level 4 in Conjurations
  2369 | D:7      | Reached skill level 4 in Hexes
  2369 | D:7      | Reached skill level 4 in Summonings
  2369 | D:7      | Reached skill level 4 in Necromancy
  2369 | D:7      | Reached skill level 4 in Translocations
  2369 | D:7      | Reached skill level 4 in Transmutations
  2369 | D:7      | Reached skill level 4 in Fire Magic
  2369 | D:7      | Reached skill level 4 in Ice Magic
  2369 | D:7      | Reached skill level 4 in Air Magic
  2369 | D:7      | Reached skill level 4 in Earth Magic
  2369 | D:7      | Reached skill level 4 in Poison Magic
  2369 | D:7      | Reached XP level 10. HP: 30/77 MP: 20/20
  2399 | D:7      | Found a white marble altar of Elyvilon.
  2482 | D:8      | Reached skill level 5 in Short Blades
  2482 | D:8      | Reached skill level 5 in Long Blades
  2482 | D:8      | Reached skill level 5 in Maces & Flails
  2482 | D:8      | Reached skill level 5 in Polearms
  2482 | D:8      | Reached skill level 5 in Staves
  2482 | D:8      | Reached skill level 5 in Slings
  2482 | D:8      | Reached skill level 5 in Bows
  2482 | D:8      | Reached skill level 5 in Crossbows
  2482 | D:8      | Reached skill level 5 in Throwing
  2482 | D:8      | Reached skill level 5 in Stealth
  2482 | D:8      | Reached skill level 5 in Shields
  2482 | D:8      | Reached skill level 5 in Unarmed Combat
  2482 | D:8      | Reached skill level 5 in Evocations
  2501 | D:8      | Noticed a two-headed ogre
  2516 | D:8      | Slain by a two-headed ogre

Vault maps used:
D:1:      shiori_shiawase
D:2:      eat_drink_and_be_merry_uskayaw, lemuel_doored_altar
D:3:      lightli_temple_of_fire, nicolae_ru_path_of_blood,
          kiku_gazebo_garden_becter, serial_undead, serial_undead_f,
          serial_undead_e, serial_undead_e, serial_undead_b, serial_undead_c,
          serial_undead_f, serial_undead_d, serial_undead_f, first_bread,
          kennysheep_cluttered_room, small_statue_intersection,
          hangedman_abyss_or_decor_lesser_grid
D:4:      minmay_checkerbox
D:5:      kennysheep_mini, serial_shops, nicolae_shop_stone, minivault_1,
          uniq_blork_the_orc
D:6:      yredelemnul_altar_generic, nicolae_tso_carved_into_rock,
          grunt_tough_drop, uniq_sigmund, uniq_prince_ribbit1, uniq_pikel
D:7:      marbit_many_paths, minmay_temple_entry_junction
Temple:   minmay_freezing_vapour_temple

Skill      XL: |  1  2  3  4  5  6  7  8  9 10 |
---------------+-------------------------------+-----
Spellcasting   | 5 6 7 |  7.1
Invocations    | 1 2 3 4 5 |  5.5
Short Blades   | 1 2 3 4 5 |  5.0
Long Blades    | 1 2 3 4 5 |  5.0
Maces & Flails | 1 2 3 4 5 |  5.0
Polearms       | 1 2 3 4 5 |  5.0
Staves         | 1 2 3 4 5 |  5.0
Slings         | 1 2 3 4 5 |  5.0
Bows           | 1 2 3 4 5 |  5.0
Crossbows      | 1 2 3 4 5 |  5.0
Throwing       | 1 2 3 4 5 |  5.0
Stealth        | 1 2 3 4 5 |  5.0
Shields        | 1 2 3 4 5 |  5.0
Unarmed Combat | 1 2 3 4 5 |  5.0
Evocations     | 1 2 3 4 5 |  5.0
Conjurations   | 1 2 3 4 |  4.1
Hexes          | 1 2 3 4 |  4.1
Summonings     | 1 2 3 4 |  4.1
Necromancy     | 1 2 3 4 |  4.1
Translocations | 1 2 3 4 |  4.1
Transmutations | 1 2 3 4 |  4.1
Fire Magic     | 1 2 3 4 |  4.1
Ice Magic      | 1 2 3 4 |  4.1
Air Magic      | 1 2 3 4 |  4.1
Earth Magic    | 1 2 3 4 |  4.1
Poison Magic   | 1 2 3 4 |  4.1
Armour         | 3 4 5 |  5.7
Fighting       | 5 6 |  6.8
Axes           | 5 6 |  6.8
Dodging        | 5 6 |  6.8
Charms         | 6 |  6.9

Action                   |  1- 3 |  4- 6 |  7- 9 | 10-12 || total
-------------------------+-------+-------+-------+-------++-------
Melee: Hand axe          |    84 |    84 |   218 |    23 ||   409
       Bite              |     5 |     6 |    20 |     3 ||    34
       Headbutt          |     1 |     9 |    46 |     2 ||    58
       Punch             |       |     1 |     5 |       ||     6
 Cast: Infusion          |    11 |       |       |       ||    11
       Regeneration      |     1 |     5 |    10 |     2 ||    18
       Spectral Weapon   |       |    15 |    26 |     3 ||    44
       Song of Slaying   |       |       |    10 |     1 ||    11
       Shroud of Golubri |       |       |     4 |       ||     4
Evoke: Wand              |       |       |     2 |       ||     2
  Use: Potion            |     2 |       |     6 |     1 ||     9
       Scroll            |       |       |     1 |       ||     1
 Stab: Distracted        |       |       |     4 |       ||     4
  Eat: Chunk             |       |     2 |     7 |       ||     9
Armor: Ring mail         |    30 |    25 |    68 |     8 ||   131
Dodge: Dodged            |    71 |    62 |   177 |    29 ||   339

Table legend:
 A = Spawn XP
 B = Non-spawn XP
 C = Spawn XP percentage of total XP
 D = Spawn monster count
 E = Non-spawn monster count
 F = Spawn count percentage of total count
 G = Total turns spent on level
                    A         B        C        D         E        F      G
               +---------+---------+-------+---------+---------+-------+---------
         Total |       0 |    5729 |   0.0 |       0 |     158 |   0.0 |  2516
               +---------+---------+-------+---------+---------+-------+---------
           D:1 |       0 |      11 |   0.0 |       0 |       9 |   0.0 |   146
           D:2 |       0 |      18 |   0.0 |       0 |       7 |   0.0 |   198
           D:3 |       0 |     136 |   0.0 |       0 |      28 |   0.0 |   451
           D:4 |       0 |     271 |   0.0 |       0 |       8 |   0.0 |   265
           D:5 |       0 |    1125 |   0.0 |       0 |      37 |   0.0 |   467
           D:6 |       0 |    2226 |   0.0 |       0 |      38 |   0.0 |   539
           D:7 |       0 |    1253 |   0.0 |       0 |      17 |   0.0 |   346
           D:8 |       0 |     689 |   0.0 |       0 |      14 |   0.0 |    93
               +---------+---------+-------+---------+---------+-------+---------

Table legend:
 A = Turns spent in this place as a percentage of turns spent in the entire game.
 B = Non-inter-level travel turns spent in this place as a percentage of non-inter-level travel turns spent in the entire game.
 C = Inter-level travel turns spent in this place as a percentage of turns spent in this place.
 D = Turns resting spent in this place as a percentage of non-inter-level travel turns spent in this place.
 E = Turns spent auto-exploring this place as a percentage of non-inter-level travel turns spent in this place.
 F = Non-inter-level travel turns spent in this place divided by the number of levels of this place that you've seen.
                   A       B       C       D       E      F
               +-------+-------+-------+-------+-------+----------------------
         Total | 100.0 | 100.0 |   1.6 |   0.0 |   0.0 | 275.0
       Dungeon |  99.6 |  99.6 |   1.6 |   0.0 |   0.0 | 308.0
        Temple |   0.4 |   0.4 |   0.0 |   0.0 |   0.0 |  11.0
               +-------+-------+-------+-------+-------+----------------------

Table legend:
 A = Kills in this place as a percentage of kills in entire the game.
 B = Kills by you in this place as a percentage of kills by you in the entire game.
 C = Kills by friends in this place as a percentage of kills by friends in the entire game.
 D = Other kills in this place as a percentage of other kills in the entire game.
 E = Experience gained in this place as a percentage of experience gained in the entire game.
 F = Experience gained in this place divided by the number of levels of this place that you have seen.
                   A       B       C       D       E      F
               +-------+-------+-------+-------+-------+----------------------
         Total | 100.0 | 100.0 |   N/A |   N/A | 100.0 | 636.6
       Dungeon | 100.0 | 100.0 |   N/A |   N/A | 100.0 | 716.1
               +-------+-------+-------+-------+-------+----------------------

Vault maps used:
D:1:      shiori_shiawase
D:2:      eat_drink_and_be_merry_uskayaw, lemuel_doored_altar
D:3:      lightli_temple_of_fire, nicolae_ru_path_of_blood,
          kiku_gazebo_garden_becter, serial_undead, serial_undead_f,
          serial_undead_e, serial_undead_e, serial_undead_b, serial_undead_c,
          serial_undead_f, serial_undead_d, serial_undead_f, first_bread,
          kennysheep_cluttered_room, small_statue_intersection,
          hangedman_abyss_or_decor_lesser_grid
D:4:      minmay_checkerbox
D:5:      kennysheep_mini, serial_shops, nicolae_shop_stone, minivault_1,
          uniq_blork_the_orc
D:6:      yredelemnul_altar_generic, nicolae_tso_carved_into_rock,
          grunt_tough_drop, uniq_sigmund, uniq_prince_ribbit1, uniq_pikel
D:7:      marbit_many_paths, minmay_temple_entry_junction
Temple:   minmay_freezing_vapour_temple
